Map: King Sejong Station LE

Players

Miszu

  • Race: Zerg Zerg
  • League: Master

lIllIIlllllI - Winner!

  • Race: Zerg Zerg
  • League: Grandmaster

VOD

Have the link to the VOD?

Description

Time

  • Played on: June 29, 2016, 4:09 p.m.
  • Length: 6:25
Show
View Real Time Build Order
Export as new Build Order

Miszu Zerg 

Build Orders: Hatch First 

Get SALT Encoding   

  12  0:01  Drone  
  13  0:11  Drone  
  14  0:18  Overlord  
  14  0:23  Extractor, Drone  
  15  0:38  Drone x2  
  17  0:53  Hatchery  
  17  0:56  Drone  
  17  0:59  Extractor  
  17  1:01  Drone  
  17  1:15  Spawning Pool  
  16  1:19  Extractor  
  16  1:21  Drone  
  16  1:22  Drone  
  18  1:41  Drone  
  18  1:42  Overlord  
  19  2:01  Queen  
  19  2:04  Zergling x4  
  19  2:06  Zergling x2  
  24  2:08  Queen  
  24  2:11  Drone  
  24  2:15  Drone  
  29  2:22  Drone  
  29  2:29  Drone  
  30  2:30  Metabolic Boost  
  30  2:31  Drone  
  31  2:40  Drone  
  32  2:44  Drone  
  32  2:48  Overlord  
  33  2:52  Drone  
  33  2:58  Drone  
  35  3:03  Baneling Nest, Drone  
  35  3:11  Drone  
  36  3:19  Drone  
  38  3:20  Drone x2  
  38  3:23  Hatchery  
  38  3:24  Drone x2  
  38  3:25  Drone  
  41  3:31  Drone, Evolution Chamber  
  41  3:33  Drone  
  42  3:39  Drone  
  43  3:41  Extractor  
  43  3:44  Drone x2  
  44  3:50  Overlord  
  44  3:51  Extractor  
  44  3:54  Roach Warren, Drone  
  43  3:58  Zerg Missile Weapons Level 1  
  43  4:02  Overlord  
  43  4:05  Drone  
  43  4:09  Lair  
  44  4:12  Drone  
  44  4:13  Drone  
  44  4:15  Drone  
  47  4:17  Drone  
  48  4:25  Drone x4  
  50  4:40  Overlord  
  50  4:45  Drone x3  
  52  4:46  Roach  
  52  4:47  Roach x4  
  62  4:54  Queen  
  62  4:55  Overlord  
  64  5:02  Roach  
  64  5:03  Roach  
  64  5:06  Roach  
  70  5:09  Roach x2  
  74  5:16  Extractor  
  74  5:19  Roach  
  74  5:20  Roach x3  
  81  5:31  Queen  
  68  5:50  Roach x8  
  79  5:59  Roach  
  79  6:00  Roach x4  
Show
View Real Time Build Order
Export as new Build Order

lIllIIlllllI Zerg - Winner!

Build Orders: Hatch First 

Get SALT Encoding   

  12  0:01  Drone  
  13  0:07  Drone  
  14  0:15  Extractor, Drone  
  15  0:22  Overlord  
  15  0:41  Drone x2  
  17  0:44  Drone  
  18  0:59  Hatchery  
  18  1:00  Drone  
  18  1:05  Drone  
  19  1:15  Evolution Chamber  
  19  1:17  Drone  
  19  1:18  Extractor  
  18  1:27  Spawning Pool  
  18  1:29  Drone  
  19  1:38  Drone  
  20  1:48  Overlord  
  20  2:00  Drone  
  21  2:10  Drone  
  21  2:12  Drone  
  21  2:14  Queen x2  
  27  2:20  Drone  
  27  2:21  Drone  
  29  2:31  Drone  
  29  2:32  Drone  
  29  2:34  Spine Crawler  
  30  2:42  Zergling x2  
  30  2:43  Drone  
  32  2:51  Lair  
  32  2:53  Drone  
  32  2:55  Drone  
  34  2:59  Roach Warren  
  34  3:03  Drone  
  34  3:04  Drone  
  35  3:14  Drone, Evolution Chamber  
  35  3:19  Drone  
  36  3:26  Overlord x2  
  36  3:30  Overlord  
  36  3:39  Zerg Missile Weapons Level 1  
  36  3:41  Extractor, Drone  
  36  3:44  Drone  
  36  3:45  Extractor, Drone x4  
  40  3:49  Glial Reconstitution  
  40  3:52  Drone  
  41  3:56  Drone  
  41  3:59  Drone  
  41  4:00  Drone x2  
  45  4:06  Overlord  
  45  4:07  Overlord  
  45  4:18  Roach  
  45  4:19  Roach  
  49  4:30  Roach x3  
  49  4:31  Roach x3  
  61  4:32  Roach  
  61  4:34  Roach  
  65  4:41  Roach  
  65  4:45  Roach  
  68  4:50  Overlord  
  68  4:56  Roach  
  68  4:57  Hatchery  
  69  5:02  Roach x3  
  75  5:08  Roach  
  75  5:09  Roach x3  
  83  5:20  Overlord x2  
  82  5:25  Roach  
  84  5:39  Roach  
  84  5:40  Roach x6  
  98  5:42  Roach  
  98  5:44  Roach  
  98  5:48  Ravager  
  95  6:09  Ravager x2  
Tags
 
Add a new tag
Caveats
  • Supply blocks, unpowered buildings, or Contaminate may cause inaccurate times.
  • Supply counts are checked every 10 seconds.